 Dungeon Crawl Stone Soup version 0.30-b1-2-g02819fbbbe (webtiles) character file.

Game seed: 12075725478860845

315765 gon the Conqueror (level 20, -6/238 (291) HPs)
             Began as a Minotaur Berserker on June 14, 2023.
             Was the Champion of Trog.
             Mangled by a spectral spriggan defender (11 damage)
             ... called from beyond by a ghost crab
             ... on level 3 of the Abyss.
             The game lasted 02:00:16 (39114 turns).

gon the Conqueror (Minotaur Berserker)             Turns: 39114, Time: 02:00:18

HP:   -6/238 (291)  AC: 30    Str: 36    XL:     20   Next: 51%
MP:   19/19         EV: 19    Int:  6    God:    Trog [******]
Gold: 3124          SH:  4    Dex:  9    Spells: 19/19 levels left

rFire   + . .        W - +6 great mace (flame)
rCold   + . .        (shield currently unavailable)
rNeg    . . .        H - +6 storm dragon scales {Bai Suzhen}
rPois   .            O - +2 hat
rElec   +            y - +1 cloak of Starlight {*Dazzle EV+4 Stlth--}
rCorr   .            U - +1 pair of gloves of Peshra Zats {rC+ Int+2 Dex-2}
SInv    +            t - +2 pair of boots {Stlth+}
Will    +++..        V - amulet of regeneration Stlth
                     h - +6 ring of strength
HPRegen 2.39/turn    L - ring of see invisible
MPRegen 0.16/turn

%: no passive effects
@: berserking, strong-willed, regenerating, heavily drained, quick
A: horns 2, retaliatory headbutt, large bone plates 1, deformed body, fire
resistance 1, frail 1
}: 2/15 runes: barnacled, gossamer
a: Renounce Religion, Berserk, Trog's Hand, Brothers in Arms


You were on level 3 of the Abyss.
You worshipped Trog.
Trog was exalted by your worship.
You visited 6 branches of the dungeon, and saw 33 of its levels.
You visited the Abyss 5 times.
You also visited: Ossuary and Ice Cave.

You collected 4116 gold pieces.
You spent 992 gold pieces at shops.

Inventory:

Hand Weapons
 x - the +2 great mace "Feubb" {drain, Str+4 Int-2 Stlth+}
   (You took it off an ogre on level 4 of the Dungeon)

   Str:       It affects your strength (+4).
   Int:       It affects your intelligence (-2).
   Stlth:     It makes you more stealthy.
 D - the +8 battleaxe "Yxyof" {drain, rN+ Int+3}
   (You found it in an ice cave)

   Int:       It affects your intelligence (+3).
   rN:        It protects you from negative energy.
 F - the +5 scythe "Finisher" {speed, execute}
   (Trog gifted it to you on level 1 of the Elven Halls)
 W - a +6 great mace of flaming (weapon)
Missiles
 f - 5 silver javelins (quivered)
 E - 7 throwing nets
Armour
 i - a +1 cloak of poison resistance
 t - a +2 pair of boots of stealth (worn)
 y - the +1 cloak of Starlight (worn) {*Dazzle EV+4 Stlth--}
   (You acquired it on level 2 of the Orcish Mines)

   *Dazzle:   It may blind those who miss an attack against the wearer in melee
   combat.
   EV:        It affects your evasion (+4).
   Stlth:     It makes you much less stealthy.
 H - +6 storm dragon scales (worn) {Bai Suzhen}
 O - a +2 hat (worn)
 U - the +1 pair of gloves of Peshra Zats (worn) {rC+ Int+2 Dex-2}
   (You found it on level 15 of the Dungeon)

   Int:       It affects your intelligence (+2).
   Dex:       It affects your dexterity (-2).
   rC:        It protects you from cold.
Jewellery
 h - a +6 ring of strength (left hand)
 r - a +4 ring of slaying
 C - a ring of poison resistance
 K - a +5 ring of evasion
 L - a ring of see invisible (right hand)
 V - an amulet of regeneration (around neck)
 X - a ring of willpower
Wands
 a - a wand of mindburst (25)
 s - a wand of flame (60)
 A - a wand of iceblast (34)
 J - a wand of light (20)
 P - a wand of polymorph (15)
 Q - a wand of digging (4)
Scrolls
 b - a scroll of summoning {unknown}
 d - 6 scrolls of identify
 e - a scroll of brand weapon {unknown}
 g - 2 scrolls of enchant weapon {unknown}
 j - a scroll of magic mapping {unknown}
 k - 5 scrolls of fog
 m - 2 scrolls of teleportation
 n - 6 scrolls of blinking
 o - 3 scrolls of fear
 w - 6 scrolls of poison
 B - 4 scrolls of torment
 N - 3 scrolls of silence {unknown}
 T - 3 scrolls of vulnerability {unknown}
 Z - a scroll of acquirement
Potions
 c - 4 potions of invisibility
 l - 4 potions of might
 p - 6 potions of lignification
 q - 3 potions of berserk rage {unknown}
 u - 3 potions of magic
 v - 10 potions of ambrosia
 z - 5 potions of mutation
 G - 7 potions of haste
 M - 6 potions of cancellation
 R - 4 potions of flight
 S - 9 potions of curing
 Y - 5 potions of resistance


   Skills:
 O Level 27 Fighting
 - Level 9.1(17.8) Axes
 * Level 23.7(24.2) Maces & Flails
 - Level 18.0 Armour
 + Level 17.2 Dodging


You had 19 spell levels left.
You didn't know any spells.
Your spell library was empty.

Dungeon Overview and Level Annotations

Branches:
Dungeon (15/15)            Temple (0/1) D:5            Lair (5/5) D:10
 Shoals (4/4) Lair:3       Spider (4/4) Lair:2        Slime (0/5) Lair:5
    Orc (2/2) D:9             Elf (3/3) Orc:2        Vaults (0/5) D:14
 Depths (0/4) D:15        Ossuary (visited)           IceCv (visited)

Altars:
Ashenzari
Gozag
Kikubaaqudgha
Qazlal
Vehumet
Xom
The Shining One
Jiyva

Shops:
D:2 (   D:5 ?[(   D:8 [!([   D:12 *   Orc:2 [((?   Elf:1 (![:   Shoals:1 [
Shoals:2 *

Annotations:
D:5 2 runed translucent doors
Shoals:2 exclusion: downstairs


Innate Abilities, Weirdness & Mutations

You have a pair of horns on your head.
You reflexively headbutt those who attack you in melee.
You are partially covered in large bone plates. (SH +4)
Armour fits poorly on your strangely shaped body.
Your flesh is heat resistant. (rF+)
You are frail. (-10% HP)


Message History

* * * LOW HITPOINT WARNING * * *
The spectral anaconda barely misses you.
The tentacled monstrosity is engulfed in spectral mist.
The tentacled monstrosity tentacle-slaps you!
* * * LOW HITPOINT WARNING * * *
The tentacled monstrosity completely misses you.
The tentacled monstrosity closely misses you.
The tentacled monstrosity constricts you.
The ghost crab bites you!
* * * LOW HITPOINT WARNING * * *
You feel drained. The ghost crab closely misses you.
You hammer the tentacled monstrosity like a gong!!!
You burn the tentacled monstrosity.
The tentacled monstrosity is almost dead.
The spectral harpy claws you but does no damage. x2
The spectral spriggan defender hits you.
* * * LOW HITPOINT WARNING * * *
You feel drained.
The spectral anaconda barely misses you.
You furiously retaliate!
You headbutt the spectral anaconda! The spectral harpy misses you.
You furiously retaliate!
You headbutt the spectral harpy! The spectral harpy misses you.
You crush the tentacled monstrosity like a grape!!!!
You burn the tentacled monstrosity.
You kill the tentacled monstrosity!
Trog accepts your kill. The spectral harpy claws you.
* * * LOW HITPOINT WARNING * * *
The spectral harpy barely misses you.
You block the spectral spriggan defender's attack.
The ghost crab barely misses you.
The ghost crab claws you but does no damage.
You are too berserk!
Your unstable footing causes you to fumble your attack.
The spectral anaconda fades away!
You block the spectral anaconda's attack.
The spectral anaconda bites you but does no damage.
You block the spectral harpy's attack. The spectral harpy misses you.
The spectral spriggan defender hits you!
You die...

⌠.....## # ##~~~#
###. ....# ##
~~~⌠##⌠. .§ ..##
#⌠⌠~~§Z⌠## .§ .#
⌠⌠⌠ ~§○°⌠ . .....
⌠⌠⌠~§§Z°°# .... .#
#~§≈§§§~###.. ...#
~§§≈≈≈Z°Z.#......#
#~§≈≈≈t@# #
⌠⌠⌠⌠○⌠Z°⌠........
..#..###.........'.
#. #─......... # ..
#. ########## #. #
# #


You could see a ghost crab, a spectral anaconda (summoned), a spectral harpy
(summoned), a spectral spriggan defender (summoned), a spectral titan (summoned)
and a spectral bunyip (summoned).

Vanquished Creatures
  Bai Suzhen (Spider:3)
  2 profane servitors (Abyss:3)
  Arachne (Spider:2)
  A tentacled monstrosity (Abyss:3)
  4 liches
  3 deep elf blademasters
  3 deep elf master archers (Elf:3)
  Gastronok (D:9)
  9 tentacled starspawn
  A kraken (Abyss:3)
  Agnes (Elf:2)
  The ghost of Kaerusk the Unseen, an adept KoBe of Trog (Shoals:2)
  Ilsuiw (Shoals:4)
  A balrug (Abyss:2)
  5 ghost moths
  6 deep elf sorcerers
  4 emperor scorpions
  An ironbound preserver (D:14)
  A reaper (Abyss:3)
  7 very ugly things (Abyss:3)
  A broodmother (Spider:3)
  The ghost of Piklurac the Marksspriggan, a journeyman SpHu of Dithmenos (Shoals:3)
  2 deep elf demonologists
  2 deep elf annihilators
  A black draconian (Abyss:3)
  3 dire elephants (Lair:5)
  A lorocyproca (Abyss:3)
  3 spark wasps
  Azrael (Spider:3)
  2 deep elf death magi (Elf:3)
  10 merfolk impalers
  The ghost of Olid the Thaumaturge, a journeyman DrCj of Vehumet (Lair:1)
  4 deep elf high priests
  2 merfolk javelineers (Shoals:4)
  2 fire dragons (D:15)
  A great orb of eyes (Abyss:3)
  3 entropy weavers
  An ice dragon (D:15)
  A rakshasa (Abyss:3)
  Erolcha (D:12)
  4 jorogumos
  A catoblepas (Lair:4)
  A shambling mangrove (Abyss:3)
  2 merfolk avatars
  6 hydras
  12 centaur warriors
  An ogre mage (D:15)
  28 dancing weapons
  A merfolk aquamancer (Shoals:3)
  2 tengu warriors
  An alligator snapping turtle (Shoals:4)
  12 two-headed ogres
  2 death knights
  3 satyrs
  6 thrashing horrors (Abyss:3)
  The ghost of NimIero the Grappler, a novice AtBe of Trog (D:9)
  15 boulder beetles
  6 death yaks (Lair:4)
  2 orc high priests
  A spectral dire elephant (Lair:5)
  A vampire mage (Abyss:3)
  9 sun demons
  16 deep elf knights
  3 skysharks
  3 sixfirhies
  A fire crab (shapeshifter) (Elf:2)
  A shadow wraith (Abyss:3)
  2 wretched stars (Abyss:3)
  2 sun moths
  A spectral death yak (Lair:5)
  Lodul (D:11)
  7 pharaoh ants
  11 sea snakes
  3 spatial maelstroms (Abyss:3)
  A kraken simulacrum (Shoals:4)
  7 deep elf archers
  A shadow demon (Abyss:3)
  9 orb spiders
  A spectral anaconda (Lair:5)
  2 obsidian statues
  5 bog bodies (IceCv)
  2 spriggan simulacra (IceCv)
  16 deep elf zephyrmancers
  6 steelbarb worms
  17 wolf spiders
  15 harpies
  33 deep elf pyromancers
  18 starcursed masses (Abyss:3)
  4 necromancers
  2 orc sorcerers
  7 cyclopes
  10 manticores
  A manticore (shapeshifter) (Abyss:3)
  18 ugly things
  21 fauns
  4 moths of wrath
  6 merfolk sirens
  17 elephants
  A guardian serpent (Abyss:3)
  A black mamba (Lair:3)
  11 cane toads
  4 water nymphs
  4 apocalypse crabs (Abyss:3)
  8 torpor snails
  A black mamba (shapeshifter) (D:13)
  10 demonic crawlers
  A dire elephant zombie (Lair:5)
  2 gargoyles
  Joseph (D:8)
  An unseen horror (Abyss:3)
  2 kobold demonologists
  2 dire elephant skeletons (Lair:5)
  2 anaconda simulacra (IceCv)
  19 freezing wraiths
  A tengu conjurer (D:14)
  A tormentor (Abyss:3)
  3 efreet
  4 golden dragon simulacra (IceCv)
  10 komodo dragons
  4 ancient zymes (Abyss:3)
  A queen bee (Spider:2)
  A queen bee (shapeshifter) (D:14)
  12 wind drakes
  26 merfolk
  A hornet (D:9)
  6 meliai
  8 trolls
  A wind drake (shapeshifter) (Elf:3)
  A polar bear (Lair:1)
  A meliai (shapeshifter) (D:13)
  Prince Ribbit (D:9)
  2 hellwings
  11 raiju
  A blink frog (shapeshifter) (Abyss:3)
  22 tarantellas
  17 blink frogs
  14 snapping turtles
  14 dream sheep
  A spectral elephant (Lair:5)
  A jumping spider (shapeshifter) (Elf:1)
  20 jumping spiders
  3 flying skulls (Abyss:2)
  7 slime creatures
  4 shadows
  7 wraiths
  2 dire elephant simulacra (IceCv)
  12 culicivoras
  5 ynoxinuls
  5 air elementals
  6 wyverns
  11 water elementals
  A yak (shapeshifter) (D:14)
  42 yaks
  The ghost of NimIero the Chopper, an amateur DrBe of Trog (D:4)
  2 fire bats (Abyss:3)
  10 large abominations
  3 minotaur simulacra (IceCv)
  9 fire elementals
  30 redbacks
  2 vampire mosquitoes
  4 basilisks
  6 spatial vortices (Abyss:3)
  3 neqoxecs (Abyss:3)
  A death yak simulacrum (Lair:5)
  2 spectral cane toads (Lair:5)
  6 chaos spawn (Abyss:3)
  2 wargs
  2 harpy simulacra (IceCv)
  A hydra simulacrum (IceCv)
  2 hell hounds (Spider:3)
  9 small abominations
  20 water moccasins
  2 acid dragons (D:10)
  Duvessa (D:7)
  4 alligator simulacra (IceCv)
  10 orc warriors
  A sky beast (D:7)
  3 black bears
  20 ogres
  4 wolves (Lair:4)
  A boggart (D:14)
  3 elephant zombies (Lair:5)
  9 centaurs
  3 elephant skeletons (Lair:5)
  3 phantoms
  2 gnoll sergeants
  4 kobold brigands
  An earth elemental (Elf:2)
  5 scorpions
  11 bullfrogs
  A deep troll simulacrum (IceCv)
  A cane toad simulacrum (Lair:5)
  9 wights (D:9)
  2 water moccasin zombies (Ossuary)
  Dowan (D:7)
  11 killer bees (Spider:2)
  3 troll zombies (D:9)
  5 lindwurm simulacra (IceCv)
  3 electric eels
  7 howler monkeys
  A crimson imp (D:4)
  9 jellies
  A quasit (Abyss:3)
  8 orc priests
  A gnoll bouda (D:5)
  5 hounds
  2 iron imps (Abyss:3)
  4 iguanas
  Ijyb (D:3)
  18 orc wizards
  5 ogre zombies (D:9)
  2 mummies (Ossuary)
  13 gnolls
  5 adders
  A shadow imp (D:7)
  9 white imps
  3 ufetubi
  2 adder zombies (Ossuary)
  A worm (Lair:2)
  2 dart slugs
  56 orcs
  9 endoplasms
  7 giant cockroaches
  6 goblins
  7 hobgoblins
  2 jackals (D:4)
  5 quokkas
  8 ball pythons
  8 bats
  3 frilled lizards
  6 gnoll zombies (Ossuary)
  A goblin skeleton (D:9)
  4 goblin zombies (D:9)
  A hobgoblin skeleton (D:9)
  7 hobgoblin zombies
  18 kobolds
  5 kobold zombies (Ossuary)
  3 orc skeletons (D:9)
  19 orc zombies
  A rat (D:2)
  A bush (D:9)
  11 starspawn tentacles
  3 tentacles
1377 creatures vanquished.

Vanquished Creatures (collateral kills)
  A jorogumo (Spider:4)
  4 ogre magi (Orc:2)
  12 two-headed ogres (Orc:2)
  An orb spider (Spider:4)
  A troll (Orc:1)
  4 tarantellas (Spider:4)
  3 jumping spiders (Spider:4)
  4 culicivoras
  10 redbacks
  17 ogres (Orc:2)
  3 orcs (Orc:1)
60 creatures vanquished.

Vanquished Creatures (others)
  A bone dragon (Abyss:3)
  A fire crab (Abyss:3)
  A deep elf zephyrmancer (Elf:3)
  A water elemental (Elf:2)
  3 orc warriors (D:9)
  A human (D:4)
  A centaur (D:9)
  A bullfrog (D:9)
  A small abomination (Abyss:3)
  A shadow imp (Abyss:3)
  A bush (D:9)
  25 fungi
  A lurking horror (Abyss:2)
  102 plants
  16 starspawn tentacles
  7 tentacles
  17 withered plants (Lair:5)
181 creatures vanquished.

Grand Total: 1618 creatures vanquished

Notes
Turn   | Place    | Note
-------+----------+-------------------------------------------
     0 | D:1      | gon the Minotaur Berserker began the quest for the Orb.
     0 | D:1      | Reached XP level 1. HP: 19/19 MP: 0/0
   173 | D:1      | Reached XP level 2. HP: 24/27 MP: 1/1
   352 | D:1      | Reached skill level 4 in Fighting
   733 | D:1      | Found a faded altar of an unknown god.
   939 | D:2      | Found Jeirch's Weapon Shoppe.
   951 | D:2      | Reached XP level 3. HP: 30/33 MP: 2/2
   999 | D:2      | Reached ** piety under Trog
  1003 | D:2      | Reached skill level 5 in Axes
  1658 | D:3      | Reached XP level 4. HP: 41/41 MP: 3/3
  1706 | D:3      | Noticed Ijyb
  1713 | D:3      | Killed Ijyb
  1928 | D:3      | Reached XP level 5. HP: 35/47 MP: 4/4
  1989 | D:3      | Identified the +7 short sword of Victory {drain, rC++ MP-9
                  | Int+3 Stlth+}
  2266 | D:4      | Reached skill level 5 in Fighting
  2447 | D:4      | Reached *** piety under Trog
  2448 | D:4      | Reached XP level 6. HP: 56/56 MP: 5/5
  2642 | D:4      | Found an ancient bone altar of Kikubaaqudgha.
  2645 | D:4      | Noticed a human
  2646 | D:4      | Killed a human
  2883 | D:4      | Found a sand-covered staircase.
  2887 | Ossuary  | Entered an ossuary
  2961 | Ossuary  | Reached skill level 6 in Fighting
  2961 | Ossuary  | Reached XP level 7. HP: 57/63 MP: 6/6
  3193 | D:4      | Found a transporter.
  3194 | D:4      | Found a transporter.
  3198 | D:4      | Identified the +2 great mace "Feubb" {drain, Str+4 Int-2
                  | Stlth+}
  3199 | D:4      | Noticed NimIero's ghost (amateur DrBe)
  3658 | D:4      | Reached skill level 5 in Armour
  3658 | D:4      | Killed NimIero's ghost
  3659 | D:4      | Reached XP level 8. HP: 45/71 MP: 7/7
  3752 | D:5      | Entered Level 5 of the Dungeon
  3946 | D:5      | Reached **** piety under Trog
  3951 | D:5      | Reached skill level 7 in Fighting
  3951 | D:5      | Reached skill level 1 in Maces & Flails
  4084 | D:5      | Found a staircase to the Ecumenical Temple.
  4200 | D:5      | Found Luroran's Armour Shop.
  4203 | D:5      | Found Plog's Weapon Shop.
  4203 | D:5      | Found Ranegr Ojedi's Magic Scroll Shop.
  4444 | D:5      | Found a large runed translucent door.
  4444 | D:5      | Found a large runed translucent door.
  4474 | D:5      | Reached skill level 8 in Fighting
  4509 | D:5      | Found a large runed translucent door.
  4509 | D:5      | Found a large runed translucent door.
  5057 | D:5      | Reached XP level 9. HP: 82/82 MP: 8/8
  5568 | D:7      | Reached skill level 5 in Maces & Flails
  5634 | D:7      | Reached skill level 9 in Fighting
  5838 | D:7      | Noticed Duvessa
  5839 | D:7      | Noticed Dowan
  5844 | D:7      | Killed Duvessa
  5845 | D:7      | Killed Dowan
  6075 | D:7      | Reached ***** piety under Trog
  6272 | D:7      | Found a stormy altar of Qazlal.
  6716 | D:8      | Found Badweq's Antique Armour Emporium.
  6741 | D:8      | Noticed Joseph
  6750 | D:8      | Killed Joseph
  6751 | D:8      | Reached skill level 10 in Fighting
  6837 | D:8      | Found Uschiymist's Distillery.
  6867 | D:8      | Found a broken altar of Ashenzari.
  6882 | D:8      | Reached XP level 10. HP: 89/93 MP: 9/9
  6907 | D:8      | Received a gift from Trog
  6962 | D:8      | Found Wuych's Armour Shoppe.
  7059 | D:8      | Found an opulent altar of Gozag.
  7065 | D:8      | Found Bysumm's Weapon Shoppe.
  7277 | D:9      | Found a staircase to the Orcish Mines.
  7425 | D:9      | Found a runed translucent door.
  7431 | D:9      | Reached skill level 10 in Armour
  7494 | D:9      | Noticed a gargoyle
  7494 | D:9      | Noticed Prince Ribbit
  7504 | D:9      | Killed a gargoyle
  7510 | D:9      | Reached skill level 11 in Fighting
  7512 | D:9      | Noticed Gastronok
  7534 | D:9      | HP: 3/89 [Prince Ribbit (3)]
  7538 | D:9      | Gained mutation: You have hidden genetic defects. [potion
                  | of mutation]
  7538 | D:9      | Gained mutation: Your spells are a little easier to cast,
                  | but a little less powerful. [potion of mutation]
  7538 | D:9      | Gained mutation: Your muscles are strong. (Str +4, Int/Dex
                  | -1) [potion of mutation]
  7539 | D:9      | Lost intelligence.
  7552 | D:9      | HP: 4/89 [Prince Ribbit (7)]
  7553 | D:9      | Killed Prince Ribbit
  7885 | D:9      | Paralysed by a hornet for 1 turns
  7965 | D:9      | Killed Gastronok
  7977 | D:9      | Gained mutation: You have terrible hidden genetic defects.
                  | [hidden defects]
  8408 | D:9      | Reached XP level 11. HP: 100/104 MP: 10/10
  8412 | D:9      | Reached skill level 12 in Fighting
  8426 | D:9      | Lost mutation: Your muscles are strong. (Str +4, Int/Dex
                  | -1) [hidden defects]
  8426 | D:9      | Lost mutation: You have terrible hidden genetic defects.
                  | [hidden defects expressed]
  8490 | D:9      | Lost mutation: You have hidden genetic defects. [potion of
                  | mutation]
  8490 | D:9      | Lost mutation: Your spells are a little easier to cast, but
                  | a little less powerful. [potion of mutation]
  8490 | D:9      | Gained mutation: Your flesh is heat resistant. (rF+)
                  | [potion of mutation]
  8490 | D:9      | Gained mutation: You are partially covered in large bone
                  | plates. (SH +4) [potion of mutation]
  8496 | D:9      | Found a shimmering altar of Xom.
  8731 | D:9      | Noticed NimIero's ghost (novice AtBe)
  8783 | D:9      | Found a glowing golden altar of the Shining One.
  8829 | D:9      | Killed NimIero's ghost
  8830 | D:9      | Reached skill level 10 in Maces & Flails
  8907 | D:10     | Entered Level 10 of the Dungeon
  9040 | D:10     | Identified the +4 chain mail of Zouritu {rN+}
  9049 | D:10     | Found a viscous altar of Jiyva.
  9057 | D:10     | Noticed a two-headed ogre
  9212 | D:9      | Killed a two-headed ogre
  9430 | D:10     | Found a staircase to the Lair.
  9675 | D:11     | Noticed a boulder beetle
  9684 | D:11     | Killed a boulder beetle
  9685 | D:11     | Reached skill level 13 in Fighting
  9797 | D:11     | Noticed Lodul
  9820 | D:11     | Killed Lodul
  9992 | D:11     | Noticed a green ugly thing
  9997 | D:11     | Killed a green ugly thing
 10108 | D:11     | Reached XP level 12. HP: 100/116 MP: 9/11
 10958 | D:12     | Noticed a boulder beetle
 10960 | D:12     | Noticed a tengu warrior
 10968 | D:12     | Killed a boulder beetle
 10973 | D:12     | Killed a tengu warrior
 10974 | D:12     | Reached skill level 14 in Fighting
 11175 | D:12     | Found Beade's Elemental Accessories.
 11175 | D:12     | Noticed Erolcha
 11181 | D:12     | Killed Erolcha
 11611 | D:13     | Noticed a centaur warrior
 11622 | D:13     | Killed a centaur warrior
 11837 | D:13     | Noticed a centaur warrior
 11851 | D:13     | Killed a centaur warrior
 11927 | D:13     | Noticed a centaur warrior
 11931 | D:13     | Killed a centaur warrior
 11973 | D:13     | Received a gift from Trog
 11974 | D:13     | Reached skill level 15 in Fighting
 12006 | D:13     | Noticed a five-headed hydra
 12006 | D:13     | Noticed a six-headed hydra
 12006 | D:13     | Noticed a centaur warrior
 12006 | D:13     | Noticed a centaur warrior
 12013 | D:13     | Noticed an eight-headed hydra
 12014 | D:13     | Killed a six-headed hydra
 12016 | D:13     | Killed a five-headed hydra
 12021 | D:13     | Killed a centaur warrior
 12024 | D:13     | Killed an eight-headed hydra
 12024 | D:13     | Identified the staff of death "Voghaloc" {+Blink rC+ rN+
                  | Will- rCorr}
 12028 | D:13     | Killed a centaur warrior
 12029 | D:13     | Reached XP level 13. HP: 108/127 MP: 9/12
 12069 | D:13     | Identified the +4 glaive "Pufotz" {vamp, +Blink rElec
                  | Str-3}
 12071 | D:13     | Identified the +7 scimitar of Irpho {drain, MP-9 Int+3}
 12189 | D:13     | Reached skill level 15 in Armour
 13230 | D:14     | Found a gate to the Vaults.
 13230 | D:14     | Noticed an ironbound preserver
 13237 | D:14     | Killed an ironbound preserver
 13238 | D:14     | Reached skill level 16 in Fighting
 13678 | D:14     | Reached skill level 15 in Maces & Flails
 14106 | D:15     | Entered Level 15 of the Dungeon
 14539 | D:15     | Reached XP level 14. HP: 126/138 MP: 11/13
 14548 | D:15     | Reached skill level 17 in Fighting
 14851 | D:15     | Reached ****** piety under Trog
 14999 | D:15     | Identified the +1 pair of gloves of Peshra Zats {rC+ Int+2
                  | Dex-2}
 15359 | D:15     | Found a staircase to the Depths.
 15500 | Lair:1   | Entered Level 1 of the Lair of Beasts
 15558 | Lair:1   | Received a gift from Trog
 15752 | Lair:1   | Noticed Olid's ghost (journeyman DrCj)
 15758 | Lair:1   | Found a runed translucent door.
 16028 | Lair:1   | Killed Olid's ghost
 16521 | Lair:2   | Found a hole to the Spider Nest.
 16666 | Lair:2   | Found the +5 robe of Misfortune {Harm *Corrode *Slow EV+5}
 16920 | Lair:3   | You fall into a shaft and drop 2 floors!
 16920 | Lair:5   | Entered Level 5 of the Lair of Beasts
 17285 | Lair:4   | Reached skill level 18 in Fighting
 17840 | Lair:3   | Received a gift from Trog
 18430 | Lair:3   | Found a staircase to the Shoals.
 18578 | Lair:3   | Reached XP level 15. HP: 150/150 MP: 14/14
 19777 | Lair:5   | Found a staircase to the Slime Pits.
 19778 | Lair:5   | Found a viscous altar of Jiyva.
 19830 | Lair:5   | Reached skill level 19 in Fighting
 20043 | Lair:5   | Received a gift from Trog
 21540 | Orc:1    | Entered Level 1 of the Orcish Mines
 21651 | Orc:2    | Entered Level 2 of the Orcish Mines
 21905 | Orc:2    | Reached skill level 20 in Fighting
 21905 | Orc:2    | Received a gift from Trog
 22065 | Orc:2    | Found Iwuo's Magic Scroll Boutique.
 22065 | Orc:2    | Found Ijeigoco's Weapon Shoppe.
 22066 | Orc:2    | Found Kumes's Antique Weapon Shoppe.
 22066 | Orc:2    | Found Malajadoqe's Armour Shop.
 22073 | Orc:2    | Bought a scroll of blinking for 97 gold pieces
 22073 | Orc:2    | Bought a scroll of acquirement for 676 gold pieces
 22257 | Orc:2    | Found a staircase to the Elven Halls.
 22329 | Orc:1    | Reached XP level 16. HP: 165/165 MP: 15/15
 22652 | Orc:2    | Acquired the +1 cloak of Starlight {*Dazzle EV+4 Stlth--}
 22652 | Orc:2    | Found the +1 cloak of Starlight {*Dazzle EV+4 Stlth--}
 22757 | D:8      | Bought a +1 cloak of poison resistance for 162 gold pieces
 22864 | Spider:1 | Entered Level 1 of the Spider Nest
 22890 | Lair:2   | Reached skill level 21 in Fighting
 24052 | Spider:1 | Reached skill level 5 in Dodging
 24170 | Spider:2 | Noticed Arachne
 24180 | Spider:2 | Killed Arachne
 24347 | Spider:2 | Received a gift from Trog
 25238 | Spider:2 | Reached skill level 22 in Fighting
 26089 | Spider:3 | Noticed Azrael
 26097 | Spider:3 | Received a gift from Trog
 26114 | Spider:3 | Killed Azrael
 26645 | Spider:3 | Noticed Bai Suzhen
 26661 | Spider:3 | Killed Bai Suzhen
 26869 | Spider:3 | Reached XP level 17. HP: 168/178 MP: 16/16
 27092 | Spider:4 | Entered Level 4 of the Spider Nest
 27301 | Spider:4 | Reached skill level 10 in Dodging
 27407 | Spider:4 | Reached skill level 23 in Fighting
 27790 | Spider:4 | Paralysed by a jorogumo for 3 turns
 28066 | Spider:4 | Reached skill level 24 in Fighting
 28402 | Spider:4 | Got a gossamer rune of Zot
 28617 | Shoals:1 | Entered Level 1 of the Shoals
 28970 | Shoals:1 | Found Moexkov's Armour Shop.
 29643 | Shoals:2 | Found Segasm's Gadget Gallery.
 29681 | Shoals:2 | Found a runed translucent door.
 29685 | Shoals:2 | Noticed Kaerusk's ghost (adept KoBe)
 29699 | Shoals:2 | Killed Kaerusk's ghost
 30477 | Shoals:3 | Received a gift from Trog
 30518 | Shoals:3 | Reached skill level 25 in Fighting
 30632 | Shoals:3 | Reached XP level 18. HP: 194/194 MP: 17/17
 30807 | Shoals:4 | Entered Level 4 of the Shoals
 30838 | Shoals:3 | Found a runed translucent door.
 31014 | Shoals:3 | Noticed Piklurac's ghost (journeyman SpHu)
 31033 | Shoals:3 | Killed Piklurac's ghost
 31178 | Abyss:2  | Cast into level 2 of the Abyss (merfolk impaler)
 31313 | Abyss:2  | Found a corrupted altar of Lugonu.
 31463 | Shoals:4 | Escaped the Abyss
 31604 | Abyss:3  | Cast into level 3 of the Abyss (merfolk impaler)
 31653 | Abyss:3  | Found a corrupted altar of Lugonu.
 31662 | Abyss:3  | Received a gift from Trog
 31695 | Abyss:3  | Found a corrupted altar of Lugonu.
 32174 | Abyss:3  | Noticed a bone dragon
 32199 | Abyss:3  | Killed a bone dragon
 32208 | Shoals:4 | Escaped the Abyss
 32249 | Abyss:3  | Cast into level 3 of the Abyss (merfolk impaler)
 32250 | Abyss:3  | Noticed a profane servitor
 32256 | Abyss:3  | Noticed a lich
 32269 | Abyss:3  | Killed a lich
 32270 | Abyss:3  | Reached skill level 26 in Fighting
 32291 | Abyss:3  | Killed a profane servitor
 32394 | Abyss:3  | Found a corrupted altar of Lugonu.
 32588 | Abyss:3  | Received a gift from Trog
 32595 | Abyss:3  | Paralysed by accursed screaming for 1 turns
 32611 | Abyss:3  | Paralysed by accursed screaming for 1 turns
 32613 | Abyss:3  | Paralysed by accursed screaming for 1 turns
 32638 | Shoals:4 | Escaped the Abyss
 32985 | Shoals:4 | Got a barnacled rune of Zot
 33038 | Shoals:4 | Noticed Ilsuiw
 33049 | Shoals:4 | Killed Ilsuiw
 33305 | Shoals:4 | Identified the +0 pair of boots of Optimism {Rampage}
 33339 | Shoals:4 | Reached skill level 15 in Dodging
 33515 | Shoals:4 | Identified the staff of fire "Fyseach" {rF+ Int+2}
 33627 | Shoals:4 | Reached XP level 19. HP: 184/206 MP: 18/18
 34327 | Elf:1    | Entered Level 1 of the Elven Halls
 34345 | Elf:1    | Reached skill level 27 in Fighting
 34364 | Elf:1    | Found Pyirphadd's Book Boutique.
 34401 | Elf:1    | Received a gift from Trog
 34401 | Elf:1    | Found the +5 scythe "Finisher" {speed, execute}
 34588 | Elf:1    | Found Opsimit's Antique Armour Emporium.
 34611 | Elf:1    | Found Qixtyodi's Distillery.
 34614 | Elf:1    | Bought a potion of curing for 57 gold pieces
 34666 | Elf:1    | Found a radiant altar of Vehumet.
 35024 | Elf:1    | Found Jasockam's Antique Weapon Boutique.
 35168 | Elf:2    | Paralysed by an air elemental for 1 turns
 35277 | Elf:2    | Paralysed by an air elemental for 1 turns
 35280 | Elf:2    | Paralysed by an air elemental for 1 turns
 35289 | Elf:2    | Received a gift from Trog
 35459 | Elf:2    | Found a frozen archway.
 35516 | IceCv    | Entered an ice cave
 35805 | IceCv    | Found an ancient bone altar of Kikubaaqudgha.
 35842 | IceCv    | Received a gift from Trog
 35866 | IceCv    | Identified the +8 battleaxe "Yxyof" {drain, rN+ Int+3}
 36471 | Elf:2    | Found a runed translucent gate.
 36472 | Elf:2    | Found a runed translucent gate.
 36472 | Elf:2    | Found a runed translucent gate.
 36637 | Elf:2    | Noticed Agnes
 36921 | Elf:2    | Received a gift from Trog
 36996 | Elf:2    | Killed Agnes
 37407 | Elf:3    | Entered Level 3 of the Elven Halls
 37509 | Elf:3    | Paralysed by an air elemental for 1 turns
 37616 | Elf:3    | Reached XP level 20. HP: 216/216 MP: 19/19
 38277 | Abyss:3  | Found a corrupted altar of Lugonu.
 38277 | Abyss:3  | Cast into level 3 of the Abyss (a deep elf sorcerer)
 38308 | Abyss:3  | Found a corrupted altar of Lugonu.
 38436 | Elf:3    | Escaped the Abyss
 38677 | Elf:3    | Received a gift from Trog
 38773 | Elf:3    | Gained mutation: You are frail. (-10% HP) [a cacodemon]
 38780 | Abyss:3  | Cast into level 3 of the Abyss (a deep elf demonologist)
 39007 | Abyss:3  | Found a corrupted altar of Lugonu.
 39020 | Abyss:3  | Noticed a profane servitor
 39033 | Abyss:3  | Killed a profane servitor
 39036 | Abyss:3  | Found a corrupted altar of Lugonu.
 39096 | Abyss:3  | Gained mutation: Armour fits poorly on your strangely
                  | shaped body. [a neqoxec]
 39098 | Abyss:3  | Received a gift from Trog
 39111 | Abyss:3  | HP: 8/237 [ghost crab (9)]
 39113 | Abyss:3  | HP: 3/231 [spectral harpy[a ghost crab] (5)]
 39114 | Abyss:3  | Mangled by a spectral spriggan defender

Illustrated notes

Levels and vault maps discovered:
D:1:      minmay_arrival_stair_chambers, layout_loops_ring,
          dreamdust_ecumenical_altar_angels_and_demons, minmay_tripent
D:2:      minmay_wonky_spiral, layout_rooms, serial_shops, nicolae_square_shop
D:3:      layout_loops_cross, hangedman_feature_mirror, uniq_ijyb
D:4:      layout_loops_ring, tgw_kikubaaqudgha, gammafunk_ghost_smash,
          lightli_ossuary_entry_decrepit_ruins, minmay_fire_ice_demons
D:5:      layout_layer_cave, minmay_temple_entry_stoned_glass,
          nicolae_shop_distant_corner_stores, minmay_hollow_rounded_squares
D:6:      layout_basic, nicolae_figureground_pulse
D:7:      layout_layer_cave, mainiacjoe_overflow_surrounded_room, uniq_duvessa
D:8:      layout_cave_pools, mainiacjoe_overflow_big_doors, serial_shops,
          nicolae_shop_tiny_statue_garden, kennysheep_mini_moat, shop, shop,
          minmay_checkerbox, uniq_joseph
D:9:      layout_irregular_city, xom_confusion_cloud, general_overflow_altar,
          zombieorc2_lemuel, ebering_ghost_reflecting_pool, serial_column_ruins,
          column_ruins_open_medium, column_ruins_open_tiny, column_ruins_grid_1,
          column_ruins_corridor_corner, column_ruins_corridor_straight,
          minmay_hedge_maze, uniq_gastronok, uniq_prince_ribbit1
D:10:     layout_cave_pools, minmay_lair_entry_grove, jiyva_altar_1
D:11:     minmay_distorted_concentric_squares, layout_basic, uniq_lodul
D:12:     layout_roguey, nicolae_elemental_shop, uniq_erolcha
D:13:     minmay_the_grid_triangle_9x9_rhombus_thin
          [minmay_the_grid_triangle_9x9_dagger,
          minmay_the_grid_triangle_9x9_prize_schism,
          minmay_the_grid_triangle_9x9_corrupted_corridor,
          minmay_the_grid_triangle_9x9_thin_v], layout_basic
D:14:     layout_small_grid, skrybe_vaults_entry_preservation, nicolae_titane
D:15:     grunt_enter_depths_hoard, layout_basic, minmay_strange_pillars
Lair:1:   layout_cave_pods, hellmonk_ghost_happy_afterlife, grunt_megastairs_3,
          infiniplex_staircase_pool
Lair:2:   layout_roguey, nicolae_spider_entry_non_spiders
Lair:3:   layout_cave_pods, minmay_shoals_entry_hut
Lair:4:   beast_lair_carwin_large_1, layout_cave_pods, nzn_sisyphean_effort
Lair:5:   due_jungle_book, layout_loops_ring, nicolae_slime_entry_field_trip,
          grunt_megastairs_1
Shoals:1: layout_shoals, serial_shops, shop
Shoals:2: cheibrodos_shoals_roost, layout_shoals, ebering_ghost_inner_flame,
          nicolae_shop_gadgets
Shoals:3: layout_shoals, ebering_ghost_reflecting_pool,
          nicolae_shoals_bring_sunscreen
Shoals:4: shoals_end_grunt_ice, layout_shoals, shoal_ilsuiw
Spider:1: layout_spider_delve
Spider:2: layout_spider_delve, nicolae_looking_at_the_future, uniq_arachne
Spider:3: layout_spider_delve, uniq_bai_suzhen, uniq_azrael
Spider:4: johnstein_spider_rune_arachne_lair
Orc:1:    layout_caves
Orc:2:    st_orc_ogre_mass, layout_caves
Elf:1:    layout_rooms, serial_shops, shop, shop, nicolae_square_shop,
          nicolae_shop_hallway_stairs, basic_altar,
          kennysheep_underground_church
Elf:2:    nicolae_elf_blades_crystal_corner, layout_onion_city,
          portal_ice_cave_entry_ugly_swarm, st_stairs_3, uniq_agnes
Elf:3:    minmay_elf_hall_circle, layout_geoelf_castle
Abyss:3:  base: Lair:1, evilmike_abyss_exit_13, base: Lair:4,
          abyss_furniture_001, small_statue_intersection,
          hangedman_elemental_corridor, base: D:14,
          hangedman_abyss_or_decor_passed, hangedman_abyss_or_decor_passed,
          abyss_furniture_001, base: D:12, evilmike_abyss_exit_12, minivault_20,
          spicy_abyss_rude_harpoons, minivault_28,
          evilmike_nicolae_abyss_rune_betentacled_crabyss,
          evilmike_nicolae_abyss_rune_betentacled_crabyss,
          hangedman_abyss_or_decor_clamps, hangedman_abyss_or_decor_slice,
          hangedman_decor_peaks_small

Skill      XL: |  1  2  3  4  5  6  7  8  9 10 11 12 13 14 15 16 17 18 19 20 |
---------------+-------------------------------------------------------------+-----
Axes           | 4 5 6 7 9 |  9.1
Fighting       | 4 5 6 8 10 11 13 15 16 18 20 22 25 26 27 | 27.0
Armour         | 3 4 5 7 9 11 13 14 16 18 | 18.0
Maces & Flails | 4 7 9 11 13 15 17 19 22 23 | 23.7
Dodging        | 9 12 15 16 17 | 17.2

Action                     |  1- 3 |  4- 6 |  7- 9 | 10-12 | 13-15 | 16-18 | 19-21 || total
---------------------------+-------+-------+-------+-------+-------+-------+-------++-------
  Melee: Hand axe          |    81 |     7 |       |       |       |       |       ||    88
         Headbutt          |    10 |    16 |    23 |    88 |   174 |   273 |   139 ||   723
         War axe           |       |     8 |       |       |       |       |       ||     8
         Punch             |       |     1 |       |       |       |       |       ||     1
         Battleaxe         |       |    65 |    38 |       |       |       |       ||   103
         Great mace        |       |       |   134 |   406 |   750 |  1246 |   780 ||  3316
         Unarmed           |       |       |       |     5 |       |       |       ||     5
  Throw: Javelin           |       |       |       |     1 |     1 |       |       ||     2
 Invoke: Berserk           |       |     1 |     2 |     6 |     5 |     4 |     2 ||    20
         Trog's Hand       |       |       |     1 |     3 |     2 |     4 |     2 ||    12
         Brothers in Arms  |       |       |       |       |     5 |    11 |       ||    16
  Evoke: Wand              |       |       |       |       |       |     1 |       ||     1
    Use: Potion            |       |       |     2 |     7 |       |    17 |     4 ||    30
         Scroll            |       |       |       |     1 |    13 |    19 |     9 ||    42
   Stab: Sleeping          |     1 |       |       |       |       |       |       ||     1
         Invisible         |       |       |       |       |       |     7 |    10 ||    17
         Distracted        |       |       |       |       |       |     1 |       ||     1
 Armour: Animal skin       |    13 |       |       |       |       |       |       ||    13
         Ring mail         |     1 |    15 |    42 |       |       |       |       ||    58
         Chain mail        |       |    11 |     6 |       |       |       |       ||    17
         Plate armour      |       |       |   144 |   373 |   505 |   382 |       ||  1404
         Storm dragon scal |       |       |       |       |       |   607 |   420 ||  1027
  Dodge: Dodged            |    58 |    37 |   135 |   162 |   292 |   846 |   577 ||  2107
  Block: Other             |       |       |       |    53 |    98 |   250 |   118 ||   519
